 Dungeon Crawl Stone Soup version 0.19-a0-958-gd69d43c (webtiles) character file.

260658 nomistakes the Cloud Mage (level 20, -9/115 HPs)
             Began as a Tengu Air Elementalist on July 11, 2016.
             Was the Champion of Vehumet.
             Shot with a sling bullet by a satyr (19 damage)
             ... on level 4 of the Shoals.
             The game lasted 03:55:51 (44538 turns).

nomistakes the Cloud Mage (Tengu Air Elementalist) Turns: 44538, Time: 03:55:52

Health: -9/115     AC: 13    Str: 13    XL:     20   Next: 70%
Magic:  45/45      EV: 17    Int: 28    God:    Vehumet [******]
Gold:   432        SH: 10    Dex: 22    Spells: 10 memorised, 19 levels left

rFire  + + .     SeeInvis .     F - +5 short sword "Faron" {flame, *Drain rF+ Dex+2}
rCold  + + +     Gourm    .     Y - +5 leather armour of Keubb {rC+ rN+ MR+ Int+4}
rNeg   + . .     Faith    .     s - +2 buckler {rC+}
rPois  +         Spirit   .     b - +1 hat {MR+}
rElec  +         Dismiss  .     d - +1 cloak
rCorr  .         Reflect  .     p - +0 pair of gloves {Dex+3}
SustAt .         Harm     .     (boots unavailable)
MR     +++..                    x - amulet of magic regeneration
Stlth  +++.......               f - ring of protection from fire
                                M - ring "Wacawner" {*Drain rPois rC+++ Str+2 Stlth+}

@: flying quickly and evasively, regenerating, deflect missiles, quick,
extremely resistant to hostile enchantments, fairly stealthy
A: antennae 1, beak, talons 3, clever 1, screaming 1, shaggy fur 1, electricity
resistance, strong 1, MP-powered wands, able to fly 2
a: Stop Flying, Renounce Religion


You were on level 4 of the Shoals.
You worshipped Vehumet.
Vehumet was exalted by your worship.
You were not hungry.

You visited 6 branches of the dungeon, and saw 31 of its levels.
You visited 2 bazaars.
You also visited: Labyrinth and Ice Cave.

You collected 3446 gold pieces.
You spent 3014 gold pieces at shops.

Inventory:

Hand Weapons
 F - the +5 short sword "Faron" (weapon) {flame, *Drain rF+ Dex+2}
   (You took it off a deep elf elementalist on level 3 of the Elven Halls)

   It has been specially enchanted to burn those struck by it, causing extra
   injury to most foes and up to half again as much damage against particularly
   susceptible opponents.
   It affects your dexterity (+2).
   It protects you from fire.
   It causes draining when unequipped.
Missiles
 w - 8 throwing nets (quivered)
Armour
 b - a +1 hat of magic resistance (worn)
 d - a +1 cloak (worn)
 p - a +0 pair of gloves of dexterity (worn)
 q - the +1 pair of gloves of Masochism {rF+ rC+ rN+ Int-5}
   (You found it on level 6 of the Lair of Beasts)

   It affects your intelligence (-5).
   It protects you from fire.
   It protects you from cold.
   It protects you from negative energy.
 s - a +2 buckler of cold resistance (worn)
 H - a +2 shield of fire resistance
 Y - the +5 leather armour of Keubb (worn) {rC+ rN+ MR+ Int+4}
   (You found it on level 1 of the Lair of Beasts)

   It affects your intelligence (+4).
   It protects you from cold.
   It protects you from negative energy.
   It affects your resistance to hostile enchantments.
Rods
 P - a +4 rod of ignition (13/13)
   (You took it off a minotaur in a labyrinth)
Jewellery
 f - a ring of protection from fire (right hand)
 m - the amulet of the Four Winds {rN+ MR+++ Clar}
   (You bought it in a shop in a bazaar)

   [amulet of nothing]

   It protects you from negative energy.
   It affects your resistance to hostile enchantments.
   It protects you against confusion.
 t - the ring "Kiol" {Slay+5 SInv}
   (You took it off a deep elf knight on level 3 of the Elven Halls)

   [ring of see invisible]

   It affects your accuracy and damage with ranged weapons and melee attacks
   (+5).
   It lets you see invisible.
 x - an amulet of magic regeneration (around neck)
 M - the ring "Wacawner" (left hand) {*Drain rPois rC+++ Str+2 Stlth+}
   (You found it on level 6 of the Dungeon)

   [ring of poison resistance]

   It affects your strength (+2).
   It renders you almost immune to cold.
   It protects you from poison.
   It causes draining when unequipped.
   It makes you more stealthy.
 N - the ring of the Ancient Beggars {rElec rC+ EV+1 Int+3 Slay+3}
   (You took it off a deep elf demonologist on level 3 of the Elven Halls)

   [ring of evasion]

   It affects your evasion (+1).
   It affects your intelligence (+3).
   It affects your accuracy and damage with ranged weapons and melee attacks
   (+3).
   It protects you from cold.
   It insulates you from electricity.
 S - the ring of the Mage {Wiz MR++ Int+3}
   (You took it off a deep elf elementalist on level 3 of the Elven Halls)

   [ring of wizardry]

   It improves your spell success rate.
   It affects your intelligence (+3).
   It affects your resistance to hostile enchantments.
 U - a +5 ring of intelligence
Wands
 a - a wand of digging (16/24)
 R - a wand of hasting (3/9)
Scrolls
 l - 8 scrolls of recharging
 n - 5 scrolls of enchant armour
 u - 2 scrolls of torment
 y - a scroll of silence
 z - 3 scrolls of enchant weapon
 B - a scroll of identify
 D - 7 scrolls of remove curse
 Q - a scroll of teleportation
 T - 2 scrolls of blinking
 W - 7 scrolls of fog
 Z - 2 scrolls of summoning
Potions
 e - 3 potions of lignification
 g - 6 potions of might
 h - 2 potions of agility
 j - 4 potions of cure mutation
 k - 8 potions of curing
 o - 4 potions of brilliance
 A - 2 potions of heal wounds
 C - 3 potions of resistance
 E - 3 potions of magic
 G - 2 potions of cancellation
 X - a potion of haste
Miscellaneous
 v - a box of beasts
 K - a sack of spiders
Comestibles
 c - 19 bread rations
 i - 4 fruits
 I - 8 meat rations
 L - 4 royal jellies


   Skills:
 - Level 9.1 Fighting
 - Level 4.0 Dodging
 - Level 2.0 Stealth
 + Level 13.2 Shields
 - Level 20.9 Spellcasting
 - Level 5.0 Conjurations
 - Level 6.0 Charms
 - Level 6.1 Necromancy
 - Level 23.9 Air Magic


You had 19 spell levels left.
You knew the following spells:

 Your Spells              Type           Power        Failure   Level  Hunger
a - Blink                 Tloc           N/A          2%          2    None
b - Haste                 Chrm           ######..     24%         6    None
d - Swiftness             Chrm/Air       #######.     0%          2    None
e - Lightning Bolt        Conj/Air       #######...   1%          5    None
f - Tornado               Air            ########..   4%          9    ######.
g - Searing Ray           Conj           ######       1%          2    None
i - Silence               Hex/Air        #######...   1%          5    None
j - Apportation           Tloc           ####......   1%          1    None
l - Regeneration          Chrm/Necr      ######....   1%          3    None
m - Deflect Missiles      Chrm/Air       #######...   1%          6    None


Dungeon Overview and Level Annotations

Branches:
Dungeon (15/15)            Temple (1/1) D:6            Lair (6/6) D:10
 Shoals (4/4) Lair:3       Spider (0/4) Lair:2        Slime (0/5) Lair:5
    Orc (2/2) D:9             Elf (3/3) Orc:2        Vaults (0/5) D:14
 Depths (0/5) D:15

Altars:
Ashenzari
Cheibriados
Dithmenos
Elyvilon
Fedhas
Gozag
Hepliaklqana
Kikubaaqudgha
Makhleb
Nemelex Xobeh
Okawaru
Pakellas
Qazlal
Ru
Sif Muna
Trog
Uskayaw
Vehumet
Xom
Yredelemnul
Zin
The Shining One
Jiyva

Shops:
D:9 }   D:10 ?*   Orc:2 ?(}[[!%**   Elf:1 =(%(([   Elf:2 ?   Shoals:3 ([*!

Portals:
Pandemonium: Orc:2
Bazaar: Elf:1

Annotations:
Lair:5 exclusion: downstairs


Innate Abilities, Weirdness & Mutations

You have a beak for a mouth.
You have claws for feet.
You can fly continuously.
You have a pair of small antennae on your head.
Your mind is acute. (Int +2)
You occasionally shout uncontrollably at your foes.
You are covered in fur. (AC +1)
You are resistant to electric shocks. (rElec)
Your muscles are strong. (Str +2)
You expend magic power (3 MP) to strengthen your wands.


Message History

The satyr plays a lulling melody on his pipes!
You resist with almost no effort.
The alligator snapping turtle bites you!!
You see here a javelin.
You hit the alligator snapping turtle but do no damage.
You claw the alligator snapping turtle, but do no damage.
The alligator snapping turtle is severely wounded.
You are engulfed in raging winds.
The alligator snapping turtle bites you!!!
* * * LOW HITPOINT WARNING * * *
Unknown command.
You block the harpy's attack. The harpy claws you!
* * * LOW HITPOINT WARNING * * *
Things that are here:
4 tomahawks; a javelin; a trident Unknown command.
You are engulfed in raging winds.
The harpy misses you. The harpy completely misses you.
The satyr shoots a sling bullet.
The sling bullet hits you!!
You die...

...≈≈≈≈≈≈≈≈mc###c≈≈).(†
#..≈≈≈≈≈≈≈..(# ##..≈...
#.......≈≈≈.:## ##....(
#####..#####..)..(# #####.
#.....# ##....## #.
≈≈...≈...#### ###(.## #.
≈≈.≈.≈...#§.## ##(§§####.#
##
≈≈≈≈......§§§####(§§......#
# ≈≈≈≈..
#.≈≈..@(§t(§§§≈....#
≈≈≈≈..##≈(§(<§(((§§[§≈≈≈≈≈.#
≈≈≈≈.≈(.≈≈§)§§EH§.≈≈§≈≈≈≈≈≈.
≈≈≈≈≈≈≈≈((≈§§≈≈≈§.§≈≈≈≈≈≈≈≈≈
≈...≈≈≈(≈≈≈§c≈[≈§§§§§≈≈≈≈≈≈≈
≈....≈≈(≈[(≈§≈≈≈≈§§§§≈≈≈≈≈≈≈
≈PP..≈≈≈≈≈≈§≈≈≈≈§§≈#####≈≈≈≈
≈P≈..≈≈≈..#####≈≈≈## #≈
≈P.......## ##.≈#


You could see an alligator snapping turtle, a satyr, a water elemental and a
harpy.

Vanquished Creatures
  Saint Roka (Elf:2)
  Rupert (D:13)
  4 deep elf blademasters
  4 deep elf master archers (Elf:3)
  2 krakens
  The ghost of tstbtto the Warrior, an adept MiFi of Cheibriados (Shoals:3)
  Gastronok (D:11)
  Polyphemus (Shoals:2)
  The ghost of tstbtto the Fencer, an adept MiFi of Cheibriados (Shoals:2)
  Kirke (Shoals:4)
  A tengu reaver (D:14)
  4 deep elf sorcerers (Elf:3)
  An orc warlord (Orc:2)
  12 deep elf elementalists
  A war gargoyle (D:14)
  A stone giant (shapeshifter) (D:15)
  9 deep elf demonologists (Elf:3)
  8 deep elf annihilators
  Azrael (D:13)
  5 merfolk javelineers
  5 merfolk impalers
  An ettin (D:14)
  5 deep elf death magi (Elf:3)
  A minotaur (Lab)
  2 blizzard demons (IceCv)
  Josephine (Lair:5)
  7 deep elf high priests (Elf:3)
  8 vault guards (D:14)
  An ice dragon (D:14)
  2 hydras
  2 centaur warriors
  4 catoblepae
  A death knight (D:15)
  2 merfolk aquamancers
  An ogre mage (D:15)
  3 merfolk avatars
  27 dancing weapons
  9 orc high priests (Orc:2)
  2 satyrs (Shoals:3)
  20 death yaks
  18 deep elf knights
  Sonja (D:11)
  A sun demon (Orc:2)
  The ghost of Xiguana the Fighter, a journeyman VSMo of Cheibriados (D:10)
  11 skeletal warriors
  10 sea snakes
  3 unseen horrors
  A spark wasp zombie (D:15)
  A gelid demonspawn (Orc:2)
  6 hill giants
  23 deep elf archers
  5 orc knights (Orc:2)
  2 putrid demonspawn (Orc:2)
  A phantasmal warrior (D:15)
  19 harpies
  Pikel (D:9)
  A necromancer (D:15)
  18 ugly things
  8 fauns
  6 orc sorcerers
  76 deep elf magi
  A salamander (shapeshifter) (D:15)
  7 manticores
  A wolf spider (D:14)
  5 griffons
  A sixfirhy (Orc:2)
  8 cyclopes
  3 elephants (Lair:5)
  5 black mambas
  2 sirens
  A stone giant skeleton (D:15)
  A frost giant skeleton (D:15)
  Psyche (D:8)
  2 water nymphs
  6 centaur skeletons
  A torpor snail (Lair:4)
  3 gargoyles
  A rime drake (Lair:6)
  3 ice statues
  15 spiny frogs
  A spiny frog (shapeshifter) (D:13)
  2 kobold demonologists (D:14)
  4 freezing wraiths (IceCv)
  5 ice devils
  9 komodo dragons
  5 yaktaurs (D:15)
  3 anaconda simulacra (IceCv)
  27 merfolk
  A harpy zombie (Shoals:4)
  2 jumping spiders (Lair:2)
  A polar bear (Lair:5)
  7 trolls
  6 two-headed ogres
  A wind drake (Shoals:4)
  A harpy skeleton (D:15)
  Prince Ribbit (D:8)
  14 blink frogs
  5 slime creatures (D:13)
  2 griffon zombies (Shoals:4)
  6 snapping turtles
  A spriggan skeleton (D:15)
  5 fire elementals
  3 redbacks (Lair:2)
  2 dire elephant simulacra (IceCv)
  18 water elementals
  3 air elementals
  A spriggan (shapeshifter) (Elf:3)
  2 humans (shapeshifter)
  6 wraiths
  4 hogs (Shoals:4)
  2 neqoxecs (Orc:2)
  3 wyverns
  11 basilisks
  44 yaks
  2 vampire mosquitoes (D:13)
  A yak (shapeshifter) (Elf:3)
  13 hippogriffs
  6 wargs
  Menkaure (D:5)
  A death yak simulacrum (IceCv)
  2 harpy simulacra (IceCv)
  An iron troll simulacrum (IceCv)
  3 mottled dragons
  3 soldier ants
  6 hell hounds (D:13)
  14 water moccasins
  14 porcupines
  6 hydra simulacra (IceCv)
  7 ice beasts
  An ettin simulacrum (IceCv)
  43 orc warriors
  3 sky beasts
  3 black bears
  A phantom (D:12)
  15 wolves
  2 necrophages
  13 centaurs
  19 ogres
  17 crocodiles
  24 giant frogs
  4 big kobolds
  An earth elemental (Elf:2)
  A hippogriff zombie (Shoals:4)
  5 scorpions
  An elephant simulacrum (IceCv)
  20 killer bees
  2 vampire bats (D:4)
  18 wights
  10 howler monkeys
  4 electric eels
  A giant frog zombie (D:12)
  4 centaur zombies
  7 crimson imps
  A quasit (D:10)
  4 draconian simulacra (IceCv)
  31 orc priests
  11 jellies
  11 hounds
  19 orc wizards
  3 giant frog skeletons
  7 iguanas
  15 worker ants
  3 troll simulacra (IceCv)
  33 sheep
  A wolf simulacrum (IceCv)
  2 centaur simulacra (IceCv)
  A hound skeleton (D:4)
  A worker ant zombie (D:6)
  3 howler monkey skeletons
  25 gnolls
  9 adders
  6 naga simulacra (IceCv)
  33 river rats
  An ogre simulacrum (IceCv)
  3 shadow imps
  4 white imps (IceCv)
  6 ufetubi (IceCv)
  7 oozes
  2 adder skeletons (D:4)
  3 worms
  3 dart slugs
  5 giant geckos
  99 orcs
  4 ball pythons
  10 bats
  A bat zombie (Shoals:4)
  10 giant cockroaches
  11 hobgoblins
  21 jackals
  30 kobolds
  A quokka (D:7)
  A giant gecko skeleton (D:5)
  4 giant newts
  8 goblins
  A jackal zombie (D:7)
  2 quokka skeletons
  11 rats
  3 bushes (D:14)
  5 fungi
  70 plants
  8 tentacles
  5 withered plants (D:15)
1509 creatures vanquished.

Vanquished Creatures (collateral kills)
  A catoblepas (Lair:5)
  Urug (Lair:5)
  A ball lightning (Elf:1)
3 creatures vanquished.

Vanquished Creatures (others)
  A harpy (Shoals:1)
  118 ball lightnings
  A water elemental (Elf:3)
  A yak (D:9)
  4 slaves (D:9)
  A worker ant (D:9)
  3 gnolls (D:9)
  A white imp (IceCv)
  3 ufetubi (IceCv)
  A giant gecko (D:9)
  A bush (D:14)
  7 fungi
  21 plants
  121 tentacle segments
  6 withered plants (D:15)
290 creatures vanquished.

Grand Total: 1802 creatures vanquished

Notes
Turn   | Place    | Note
-------+----------+-------------------------------------------
     0 | D:1      | nomistakes the Tengu Air Elementalist began the quest for the Orb.
     0 | D:1      | Reached XP level 1. HP: 10/10 MP: 4/4
   190 | D:1      | Reached XP level 2. HP: 15/15 MP: 1/6
   624 | D:1      | Reached skill level 5 in Air Magic
   624 | D:1      | Reached XP level 3. HP: 19/19 MP: 0/7
   868 | D:1      | Learned a level 3 spell: Static Discharge
   874 | D:1      | Learned a level 2 spell: Repel Missiles
  1064 | D:2      | Reached XP level 4. HP: 24/24 MP: 3/9
  1969 | D:3      | Gained mutation: You can fly. [Tengu growth]
  1969 | D:3      | Reached XP level 5. HP: 28/28 MP: 6/11
  2331 | D:3      | Found an opulent altar of Gozag.
  2400 | D:3      | Reached skill level 6 in Air Magic
  2775 | D:3      | Learned a level 2 spell: Swiftness
  3032 | D:3      | Reached XP level 6. HP: 32/32 MP: 2/12
  3429 | D:4      | Reached skill level 7 in Air Magic
  3596 | D:4      | Reached XP level 7. HP: 36/36 MP: 6/15
  3599 | D:4      | Reached skill level 5 in Spellcasting
  3706 | D:4      | Learned a level 5 spell: Lightning Bolt
  3880 | D:4      | Reached skill level 8 in Air Magic
  3908 | D:4      | Reached XP level 8. HP: 41/41 MP: 6/17
  4238 | D:4      | Reached skill level 5 in Conjurations
  4498 | D:5      | Entered Level 5 of the Dungeon
  4575 | D:5      | Reached skill level 9 in Air Magic
  4823 | D:5      | Noticed Menkaure
  4832 | D:5      | Killed Menkaure
  5350 | D:6      | Reached skill level 10 in Air Magic
  5584 | D:6      | Found a shimmering altar of Xom.
  5584 | D:6      | Found a shimmering altar of Xom.
  5592 | D:6      | Reached XP level 9. HP: 45/45 MP: 16/20
  5768 | D:6      | Reached skill level 11 in Air Magic
  5781 | D:6      | Found a large runed door.
  5781 | D:6      | Found a large runed door.
  5812 | D:6      | Got a brightly glowing ring mail
  5846 | D:6      | Found a large runed door.
  5846 | D:6      | Found a large runed door.
  6349 | D:6      | Found a staircase to the Ecumenical Temple.
  6357 | Temple   | Entered the Ecumenical Temple
  6536 | Temple   | Became a worshipper of Vehumet
  7030 | D:7      | Reached skill level 12 in Air Magic
  7472 | D:6      | Got a heavily runed tin ring
  7473 | D:6      | Identified the ring "Wacawner" {*Drain rPois rC+++ Str+2 Stlth+} (You found it on level 6 of the Dungeon)
  8105 | D:8      | Noticed Psyche
  8112 | D:8      | Killed Psyche
  8112 | D:8      | Reached XP level 10. HP: 47/50 MP: 0/23
  8314 | D:8      | Reached skill level 13 in Air Magic
  8759 | D:8      | Reached * piety under Vehumet
  8759 | D:8      | Offered knowledge of Magic Dart by Vehumet.
  8868 | D:8      | Noticed Prince Ribbit
  8887 | D:8      | Killed Prince Ribbit
  9041 | D:9      | Noticed Pikel
  9364 | D:9      | Found a staircase to the Orcish Mines.
  9376 | D:9      | Reached skill level 14 in Air Magic
  9377 | D:9      | Killed Pikel
 10107 | D:9      | Reached skill level 15 in Air Magic
 10226 | D:9      | Offered knowledge of Throw Frost by Vehumet.
 10239 | D:9      | Reached ** piety under Vehumet
 10456 | D:10     | Entered Level 10 of the Dungeon
 10456 | D:10     | Noticed a manticore
 10460 | D:10     | Killed a manticore
 10460 | D:10     | Reached XP level 11. HP: 41/54 MP: 9/25
 10657 | D:10     | Found Disaeti's Assorted Antiques.
 10669 | D:10     | Noticed Xiguana's ghost (journeyman VSMo)
 10719 | D:9      | Found Xuff's Gadget Shoppe.
 10906 | D:9      | Reached skill level 10 in Spellcasting
 11071 | D:10     | Killed Xiguana's ghost
 11140 | D:10     | Learned a level 2 spell: Throw Frost
 11215 | D:10     | Found Eroyriph's Magic Scroll Emporium.
 11221 | D:10     | Bought a scroll of fog for 28 gold pieces
 11221 | D:10     | Bought a scroll of fog for 28 gold pieces
 11221 | D:10     | Bought a scroll of blinking for 105 gold pieces
 11234 | D:10     | Reached skill level 16 in Air Magic
 11340 | D:10     | Found a staircase to the Lair.
 11556 | D:10     | Offered knowledge of Searing Ray by Vehumet.
 11754 | D:9      | Reached *** piety under Vehumet
 12020 | D:9      | Killed an unseen horror
 12396 | Lair:1   | Entered Level 1 of the Lair of Beasts
 12533 | D:10     | Learned a level 2 spell: Searing Ray
 12859 | Lair:1   | Got a jewelled leather armour
 12874 | Lair:1   | Identified the +5 leather armour of Keubb {rC+ rN+ MR+ Int+4} (You found it on level 1 of the Lair of Beasts)
 13003 | Lair:1   | Reached skill level 17 in Air Magic
 13151 | Lair:1   | Offered knowledge of Airstrike by Vehumet.
 13157 | Lair:1   | Learned a level 4 spell: Airstrike
 14016 | Lair:2   | Reached XP level 12. HP: 39/59 MP: 15/28
 14205 | Lair:2   | Reached **** piety under Vehumet
 14216 | Lair:2   | Offered knowledge of Iskenderun's Battlesphere by Vehumet.
 14504 | Lair:2   | Reached skill level 18 in Air Magic
 15180 | Lair:2   | Found a hole to the Spider Nest.
 15721 | Lair:3   | Noticed a four-headed hydra
 15742 | Lair:3   | Killed a four-headed hydra
 15758 | Lair:3   | Reached ***** piety under Vehumet
 15940 | Lair:3   | Offered knowledge of Spellforged Servitor by Vehumet.
 16111 | Lair:3   | Identified the +2 ring mail "Wadouts" {Regen+ Str+3 Dex-5 Stlth+} (You found it on level 6 of the Dungeon)
 16488 | Lair:3   | Reached skill level 19 in Air Magic
 16650 | Lair:3   | Found a staircase to the Shoals.
 17220 | Lair:4   | Reached XP level 13. HP: 63/63 MP: 20/30
 18798 | Lair:5   | Noticed Urug
 19062 | Lair:5   | Killed Urug
 19505 | Lair:5   | Found a viscous altar of Jiyva.
 19506 | Lair:5   | Found a staircase to the Slime Pits.
 19738 | Lair:6   | Entered Level 6 of the Lair of Beasts
 20276 | Lair:6   | Reached skill level 20 in Air Magic
 20623 | Lair:6   | Noticed Josephine
 20629 | Lair:5   | Killed Josephine
 21604 | Lair:6   | Offered knowledge of Lee's Rapid Deconstruction by Vehumet.
 23001 | Lair:4   | Gained mutation: You can fly continuously. [Tengu growth]
 23001 | Lair:4   | Reached XP level 14. HP: 35/68 MP: 5/33
 23480 | Lair:6   | Reached skill level 21 in Air Magic
 24005 | Lair:6   | Reached skill level 15 in Spellcasting
 24239 | Lair:6   | Got a pair of ancient gloves
 24245 | Lair:6   | Identified the +1 pair of gloves of Masochism {rF+ rC+ rN+ Int-5} (You found it on level 6 of the Lair of Beasts)
 25129 | Orc:1    | Entered Level 1 of the Orcish Mines
 25457 | Orc:2    | Entered Level 2 of the Orcish Mines
 25457 | Orc:2    | Found Cosmok's Antique Armour Boutique.
 25465 | Orc:2    | Found Ajivif's Antique Armour Boutique.
 25530 | Orc:2    | Found Vuoggeaf's General Store.
 25558 | Orc:2    | Found a labyrinth entrance.
 25567 | Lab      | Entered a labyrinth
 25717 | Lab      | Identified the Papyrus of Mutagenic Confrontation (You found it in a labyrinth)
 25723 | Lab      | Identified the Catalogue of Supportive Feathers (You found it in a labyrinth)
 26387 | Orc:2    | Offered knowledge of Delayed Fireball by Vehumet.
 26480 | Orc:2    | Reached skill level 1 in Fighting
 26597 | Orc:2    | Noticed an orc warlord
 26635 | Orc:2    | Killed an orc warlord
 26825 | Orc:2    | Found Xosar's Assorted Antiques.
 26833 | Orc:2    | Bought a scroll labeled FUSSIY NUODOSU for 27 gold pieces
 26847 | Orc:2    | Found a staircase to the Elven Halls.
 26942 | Orc:2    | Found Liys's Magic Scroll Shop.
 26945 | Orc:2    | Bought a scroll of summoning for 152 gold pieces
 27164 | Orc:2    | Gained mutation: You regenerate slowly when monsters are visible. [a neqoxec]
 27420 | Orc:2    | Found Coriomis's Food Shop.
 27459 | Orc:2    | Reached XP level 15. HP: 68/75 MP: 10/36
 27533 | Orc:2    | Found Mamorowu's Distillery.
 27821 | Orc:2    | Offered knowledge of Bolt of Fire by Vehumet.
 28701 | Orc:2    | Found Esuan's Antique Weapon Shoppe.
 28701 | Orc:2    | Found a one-way gate leading to the halls of Pandemonium.
 28701 | Orc:2    | Found Zuutaxill's Gadget Emporium.
 29059 | Orc:2    | Bought a glowing hat for 132 gold pieces
 29059 | Orc:2    | Bought a runed robe for 23 gold pieces
 29064 | Orc:2    | Identified a scroll of acquirement
 29067 | Orc:2    | Identified the Collected Works on Dislocated Feathers (You acquired it on level 2 of the Orcish Mines)
 29079 | Orc:2    | Learned a level 9 spell: Tornado
 29085 | Orc:2    | Learned a level 5 spell: Silence
 29087 | Orc:2    | Learned a level 1 spell: Apportation
 29274 | D:11     | Noticed Gastronok
 29280 | D:11     | Killed Gastronok
 29454 | D:11     | Reached skill level 1 in Shields
 29524 | D:11     | Gained mutation: You tend to lose your temper in combat. [mutagenic meat]
 29527 | D:11     | Gained mutation: Your body sometimes deteriorates upon taking damage. [mutagenic meat]
 29627 | D:11     | Learned a level 3 spell: Mephitic Cloud
 29652 | D:11     | Offered knowledge of Conjure Ball Lightning by Vehumet.
 29664 | D:11     | Learned a level 6 spell: Conjure Ball Lightning
 29842 | D:11     | Noticed Sonja
 29847 | D:11     | Killed Sonja
 29927 | D:11     | Lost mutation: You regenerate slowly when monsters are visible. [mutagenic meat]
 29930 | D:11     | Gained mutation: You are covered in fur. (AC +1) [mutagenic meat]
 31228 | D:12     | Found an oddly glowing altar of Pakellas.
 31351 | D:13     | Noticed Rupert
 31387 | D:13     | HP: 1/80 [orc warrior/short sword (14)]
 31612 | D:13     | Noticed Azrael
 31618 | D:13     | Reached XP level 16. HP: 65/84 MP: 33/38
 31620 | D:13     | Killed Azrael
 31636 | D:13     | Gained mutation: You are partially covered in thin metallic scales. (AC +2) [mutagenic meat]
 31639 | D:13     | Gained mutation: You can translocate small distances at will. [mutagenic meat]
 31642 | D:13     | Gained mutation: You have a pair of small antennae on your head. [mutagenic meat]
 31645 | D:13     | Gained mutation: You are resistant to electric shocks. (rElec) [mutagenic meat]
 31727 | D:13     | Offered knowledge of Ozocubu's Refrigeration by Vehumet.
 31728 | D:13     | Reached ****** piety under Vehumet
 32042 | D:13     | Killed Rupert
 32268 | D:14     | Gained mutation: Your mind is acute. (Int +2) [mutagenic meat]
 32271 | D:14     | Lost mutation: You can translocate small distances at will. [mutagenic meat]
 32274 | D:14     | Gained mutation: You passively map a small area around you. [mutagenic meat]
 32683 | D:14     | Found a gate to the Vaults.
 32968 | D:14     | Reached skill level 5 in Fighting
 32972 | D:14     | Gained mutation: You passively map the area around you. [mutagenic meat]
 32975 | D:14     | Gained mutation: You expend magic power (3 MP) to strengthen your wands. [mutagenic meat]
 33117 | D:14     | Lost mutation: You are partially covered in thin metallic scales. (AC +2) [mutagenic meat]
 33647 | D:14     | Gained mutation: You often lose your temper in combat. [mutagenic meat]
 33777 | D:14     | Noticed a tengu reaver
 33804 | D:14     | Killed a tengu reaver
 33972 | D:15     | Entered Level 15 of the Dungeon
 34000 | D:14     | Lost mutation: Your body sometimes deteriorates upon taking damage. [mutagenic meat]
 34003 | D:14     | Lost mutation: You passively map the area around you. [mutagenic meat]
 34006 | D:14     | Gained mutation: Your muscles are strong. (Str +2) [mutagenic meat]
 34150 | D:15     | Found a flickering gateway to a bazaar.
 34157 | Bazaar   | Entered a bazaar
 34171 | Bazaar   | Found Pamext's Distillery.
 34189 | Bazaar   | Found Zemanyed's Magic Scroll Emporium.
 34204 | Bazaar   | Found Mauri's Jewellery Emporium.
 34204 | Bazaar   | Found Ehauph's Antique Weapon Shoppe.
 34225 | Bazaar   | Found Hennubov's Book Emporium.
 34229 | Bazaar   | Bought a book of Necromancy for 300 gold pieces
 34229 | Bazaar   | Bought a book of Enchantments for 500 gold pieces
 34233 | Bazaar   | Learned a level 3 spell: Regeneration
 34240 | Bazaar   | Learned a level 6 spell: Deflect Missiles
 34250 | Bazaar   | Learned a level 6 spell: Haste
 34318 | Bazaar   | Bought a potion of mutation for 22 gold pieces
 34318 | Bazaar   | Bought a potion of mutation for 22 gold pieces
 34318 | Bazaar   | Bought a potion of haste for 90 gold pieces
 34318 | Bazaar   | Bought a potion of cure mutation for 225 gold pieces
 34504 | D:15     | Offered knowledge of Poisonous Cloud by Vehumet.
 34920 | D:15     | Reached skill level 1 in Charms
 34934 | D:15     | Reached skill level 22 in Air Magic
 34974 | D:15     | Gained mutation: Armour fits poorly on your strangely shaped body. [mutagenic meat]
 34977 | D:15     | Gained mutation: Your muscles are very strong. (Str +4) [mutagenic meat]
 34983 | D:15     | Lost mutation: You passively map a small area around you. [mutagenic meat]
 34989 | D:15     | Lost mutation: You often lose your temper in combat. [mutagenic meat]
 35004 | D:15     | Reached XP level 17. HP: 92/92 MP: 34/40
 35164 | D:15     | Found a staircase to the Depths.
 35407 | D:15     | Got a faintly humming ring mail
 35408 | D:15     | Identified the cursed +1 ring mail of the Evil One {-Cast Int+6} (You found it on level 15 of the Dungeon)
 35456 | D:15     | Gained mutation: You occasionally shout uncontrollably at your foes. [potion of mutation]
 35456 | D:15     | Gained mutation: You are agile. (Dex +2) [potion of mutation]
 35456 | D:15     | Lost mutation: You tend to lose your temper in combat. [potion of mutation]
 35458 | D:15     | Lost mutation: You are agile. (Dex +2) [potion of mutation]
 35458 | D:15     | Gained mutation: You are frail. (-10% HP) [potion of mutation]
 35459 | D:15     | Lost mutation: Armour fits poorly on your strangely shaped body. [potion of mutation]
 35740 | Elf:1    | Entered Level 1 of the Elven Halls
 35760 | Elf:1    | Found Laturouts's Armour Emporium.
 35792 | Elf:1    | Found Azxaelam's Weapon Shoppe.
 35823 | Elf:1    | Reached skill level 5 in Shields
 36029 | Elf:1    | Lost mutation: Your muscles are very strong. (Str +4) [mutagenic meat]
 36479 | Elf:1    | Found Vuemedeh's Antique Weapon Shoppe.
 36481 | Elf:1    | Found Itziypp's Food Emporium.
 36483 | Elf:1    | Found Gingadaq's Antique Weapon Shoppe.
 36617 | Elf:1    | Found Hacyh's Jewellery Shoppe.
 36714 | Elf:1    | Found a gateway to a bazaar.
 36819 | Elf:1    | Identified Qapequwi's Reference Book on Confrontation
 37355 | Elf:2    | Found Viliud's Magic Scroll Emporium.
 37668 | Elf:2    | Found a runed gate.
 37668 | Elf:2    | Found a runed gate.
 37669 | Elf:2    | Found a runed gate.
 37727 | Elf:2    | Noticed a deep elf blademaster
 37790 | Elf:2    | Killed a deep elf blademaster
 37790 | Elf:2    | Reached skill level 1 in Necromancy
 37790 | Elf:2    | Reached XP level 18. HP: 86/90 MP: 31/42
 37969 | Elf:2    | Offered knowledge of Fire Storm by Vehumet.
 37969 | Elf:2    | Offered knowledge of Shatter by Vehumet.
 37969 | Elf:2    | Offered knowledge of Chain Lightning by Vehumet.
 37971 | Elf:2    | Noticed Saint Roka
 38215 | Elf:2    | Killed Saint Roka
 38381 | Elf:3    | Entered Level 3 of the Elven Halls
 38406 | Elf:3    | Found a frozen archway.
 38421 | IceCv    | Entered an ice cave
 38655 | IceCv    | Reached skill level 23 in Air Magic
 39933 | Elf:3    | Noticed a deep elf master archer
 39941 | Elf:3    | Killed a deep elf master archer
 39963 | Elf:3    | Reached skill level 5 in Charms
 40148 | Elf:3    | Reached XP level 19. HP: 61/96 MP: 37/44
 40159 | Elf:3    | HP: 1/96 [deep elf elementalist/fireball (17)]
 40658 | Elf:3    | Got a vibrating glass ring
 40660 | Elf:3    | Identified the ring "Kiol" {Slay+5 SInv} (You took it off a deep elf knight on level 3 of the Elven Halls)
 40774 | Elf:3    | Reached skill level 5 in Necromancy
 40926 | Elf:3    | Got a transparent lead amulet
 40930 | Elf:3    | Identified the amulet "Omosk" {Harm *Drain Str+4} (You took it off a deep elf high priest on level 3 of the Elven Halls)
 41090 | Elf:3    | Got a brightly glowing short sword {flame}
 41091 | Elf:3    | Identified the +5 short sword "Faron" {flame, *Drain rF+ Dex+2} (You took it off a deep elf elementalist on level 3 of the Elven Halls)
 41327 | Elf:3    | Got a faintly glowing amber ring
 41412 | Elf:3    | Identified the ring of the Ancient Beggars {rElec rC+ EV+1 Int+3 Slay+3} (You took it off a deep elf demonologist on level 3 of the Elven Halls)
 41687 | Elf:3    | Got a wavering steel ring
 41708 | Elf:3    | Got a slimy war axe {drain}
 41709 | Elf:3    | Identified the +10 war axe of Kesadgh {drain, Dex+4} (You took it off a deep elf knight on level 3 of the Elven Halls)
 41723 | Elf:3    | Identified the ring of Divine Compulsion {-Tele Str+2 Dex+6 Stlth+} (You took it off a deep elf mage on level 3 of the Elven Halls)
 41884 | Elf:3    | Identified the Incunabulum of the Pit (You found it on level 3 of the Elven Halls)
 41887 | Elf:3    | Identified the Collected Works on Confrontation and Snow
 41900 | Elf:3    | Learned a level 2 spell: Blink
 42098 | Elf:2    | Lost mutation: You are frail. (-10% HP) [potion of mutation]
 42372 | Shoals:1 | Entered Level 1 of the Shoals
 42610 | Shoals:1 | Reached XP level 20. HP: 92/115 MP: 37/45
 42912 | Shoals:2 | Reached skill level 10 in Shields
 43026 | Shoals:2 | Noticed Polyphemus
 43026 | Shoals:2 | Noticed tstbtto's ghost (adept MiFi)
 43046 | Shoals:2 | Killed tstbtto's ghost
 43046 | Shoals:2 | Killed Polyphemus
 43474 | Shoals:3 | Found Wijisiuf's Weapon Boutique.
 43481 | Shoals:3 | Found a flickering gateway to a bazaar.
 43490 | Bazaar   | Entered a bazaar
 43494 | Bazaar   | Found Yddeiw's Jewellery Boutique.
 43500 | Bazaar   | Bought the amulet of the Four Winds {rN+ MR+++ Clar} for 209 gold pieces
 43512 | Bazaar   | Found Emufak's Antique Armour Emporium.
 43529 | Bazaar   | Found Ciarusti's Book Boutique.
 43546 | Bazaar   | Found Rov Zunk's Assorted Antiques.
 43551 | Bazaar   | Bought a scroll labeled FITOUB MEONARR for 13 gold pieces
 43551 | Bazaar   | Bought a scroll labeled FITOUB MEONARR for 13 gold pieces
 43612 | Shoals:3 | Noticed tstbtto's ghost (adept MiFi)
 43641 | Shoals:3 | Killed tstbtto's ghost
 44014 | Shoals:3 | Found Gedeunu's Antique Armour Shoppe.
 44023 | Shoals:3 | Found Hian Qonigg's Distillery.
 44035 | Shoals:3 | Bought a glowing cloak for 184 gold pieces
 44049 | Shoals:3 | Got a fine scimitar
 44050 | Shoals:3 | Identified the +6 scimitar of Victory {slice, rElec MR+ Dex+2} (You found it on level 3 of the Shoals)
 44088 | Shoals:3 | Bought a potion of curing for 39 gold pieces
 44088 | Shoals:3 | Bought a potion of curing for 39 gold pieces
 44088 | Shoals:3 | Bought a potion of curing for 39 gold pieces
 44088 | Shoals:3 | Bought a potion of magic for 104 gold pieces
 44096 | Shoals:3 | Found Gaagap's Assorted Antiques.
 44104 | Shoals:3 | Bought a potion of heal wounds for 120 gold pieces
 44104 | Shoals:3 | Bought a metal-bound book for 360 gold pieces
 44104 | Shoals:3 | Bought a potion of resistance for 240 gold pieces
 44219 | Shoals:4 | Entered Level 4 of the Shoals
 44346 | Shoals:4 | Noticed Kirke
 44365 | Shoals:4 | Killed Kirke
 44538 | Shoals:4 | Shot with a sling bullet by a satyr

Vault maps used:
D:1:      scummos_arrival_gate, supply_closet_lemuel, kennysheep_nondescript,
          hangedman_decor_riveting, fountainhead, minmay_surrounded
D:3:      minmay_diamond_boxcup, first_bread, grunt_gozag_statues
D:4:      roderic_batcave, hangedman_minor_gate_pass
D:5:      minmay_misc_feat_four_crosses, uniq_menkaure
D:6:      xom_redecorated, corexii_checkpoint_a, minmay_hollow_rounded_squares
D:8:      uniq_psyche, uniq_prince_ribbit1
D:9:      orc_0_dummy, serial_shops, shop, hangedman_little_slice_of_home,
          serial_bayou_lagoon_a, uniq_pikel
D:10:     lair_0_dummy, serial_shops, kennysheep_little_box,
          nicolae_shop_statue_plus
D:11:     st_stairs_6, uniq_gastronok, uniq_sonja
D:12:     kennysheep_ambush_hall, gammafunk_pakellas_cloud_experiment
D:13:     uniq_rupert, uniq_azrael
D:14:     cross_vault, erik_vaults_2, serial_park_gazebo
D:15:     gammafunk_depths_entry_grave, serial_shops, bzr_entry_water
Temple:   minmay_crystal_snake_temple
Lair:1:   grunt_forest_large_clearings, infiniplex_staircase_pool_2
Lair:2:   spider_nest_entry_funnel_web, beast_lair_carwin_11,
          serial_bayou_shore_a
Lair:3:   minmay_shoals_entry_hut, st_stairs_10
Lair:5:   slime_altar_1, grunt_megastairs_5, uniq_urug
Lair:6:   evilmike_catoblepas_cave, small_statue_intersection,
          lemuel_fruit_fields, uniq_josephine
Shoals:2: uniq_polyphemus
Shoals:3: serial_shops, bzr_in_the_mist, nicolae_shop_statue_plus, shop, shop,
          shop, nicolae_shoals_kraken_intersection
Shoals:4: shoals_end_simple, shoals_ilsuiw_alternative,
          nicolae_shoals_undead_eyrie, uniq_kirke
Orc:2:    pf_orc_diabolical, lab_entry_generic, serial_shops,
          nicolae_shop_behind_doors, shop, nicolae_shop_crystal, shop, shop,
          nicolae_orc_bridge_out
Elf:1:    minmay_shop_star, serial_shops, bzr_entry_road, shop,
          nicolae_shop_behind_doors, nicolae_shop_stone, minmay_elf_annihilation
Elf:2:    serial_shops, shop, uniq_saint_roka
Elf:3:    nooodl_elf_gasket, portal_ice_cave_entry_ice_statue_two
Lab:      labyrinth_spiral, lab_block, nicolae_lab_do_over
Bazaar:   bazaar_long_row, bazaar_jpeg_circle_common
IceCv:    ice_cave_caverns_02

Skill      XL: |  1  2  3  4  5  6  7  8  9 10 11 12 13 14 15 16 17 18 19 20 |
---------------+-------------------------------------------------------------+-----
Air Magic      | 5 6 7 8 10 12 15 17 19 20 21 22 23 | 23.9
Spellcasting   | 3 4 5 6 8 9 11 12 14 16 17 18 19 20 | 20.9
Conjurations   | 2 3 4 5 |  5.0
Fighting       | 1 4 5 7 9 |  9.1
Dodging        | 3 4 |  4.0
Shields        | 2 4 6 7 9 13 | 13.2
Charms         | 1 3 5 6 |  6.0
Necromancy     | 1 4 6 |  6.1
Stealth        | |  2.0

Action                   |  1- 3 |  4- 6 |  7- 9 | 10-12 | 13-15 | 16-18 | 19-21 || total
-------------------------+-------+-------+-------+-------+-------+-------+-------++-------
Melee: Whip              |       |     2 |       |       |       |       |       ||     2
       Short sword       |       |       |     3 |       |       |       |    48 ||    51
       Trident           |       |       |    51 |    46 |    51 |    85 |     1 ||   234
       Kick              |       |       |    10 |    12 |    16 |    28 |    16 ||    82
       Peck              |       |       |     8 |    10 |     6 |    22 |    10 ||    56
       Staff             |       |       |       |       |    18 |       |       ||    18
 Fire: Hunting sling     |       |    14 |     1 |       |       |       |       ||    15
Throw: Throwing net      |       |       |       |       |       |     1 |       ||     1
 Cast: Shock             |    69 |   160 |   245 |   515 |   249 |       |       ||  1238
       Repel Missiles    |     1 |       |       |       |     2 |     1 |       ||     4
       Static Discharge  |       |     7 |     9 |     7 |    11 |       |       ||    34
       Lightning Bolt    |       |       |     7 |   113 |   404 |   271 |    66 ||   861
       Swiftness         |       |       |     1 |     1 |     1 |       |       ||     3
       Airstrike         |       |       |       |    42 |   156 |     1 |       ||   199
       Throw Frost       |       |       |       |     4 |       |       |       ||     4
       Tornado           |       |       |       |       |    14 |    89 |    81 ||   184
       Searing Ray       |       |       |       |       |     6 |     3 |     3 ||    12
       Conjure Ball Ligh |       |       |       |       |       |    43 |    23 ||    66
       Deflect Missiles  |       |       |       |       |       |     3 |     9 ||    12
       Regeneration      |       |       |       |       |       |    19 |    27 ||    46
 Abil: Fly               |       |       |       |       |       |     1 |     2 ||     3
       Stop Flying       |       |       |       |       |       |       |     2 ||     2
Evoke: Wand              |       |       |       |     5 |     4 |     2 |     2 ||    13
       Sack of spiders   |       |       |       |       |     4 |       |       ||     4
       Box of beasts     |       |       |       |       |       |     1 |       ||     1
  Use: Scroll            |       |       |     9 |    10 |    23 |    16 |    11 ||    69
       Potion            |       |       |     4 |     5 |     3 |     8 |     8 ||    28
 Stab: Invisible         |       |       |       |     4 |       |       |       ||     4
       Sleeping          |       |       |       |       |     1 |     1 |       ||     2
  Eat: Chunk             |     1 |     9 |    13 |    41 |    48 |    79 |    45 ||   236
       Fruit             |       |       |     1 |     5 |    19 |    11 |     8 ||    44
       Beef jerky        |       |       |     1 |     1 |     1 |     2 |       ||     5
       Pizza             |       |       |       |     1 |     1 |     1 |       ||     3
       Royal jelly       |       |       |       |       |       |     7 |       ||     7
Armor: Robe              |     5 |     3 |    48 |    58 |       |       |       ||   114
       Skin              |       |       |       |    18 |       |       |       ||    18
       Leather armour    |       |       |       |    33 |   123 |    98 |    51 ||   305
Dodge: Dodged            |    15 |    31 |    85 |   118 |   199 |   214 |   134 ||   796
       Deflected         |       |     2 |     2 |     5 |     8 |    44 |    49 ||   110
Block: Other             |       |       |    10 |    42 |    27 |       |       ||    79
       Reflection        |       |       |       |       |     3 |       |       ||     3
       Buckler           |       |       |       |       |       |    93 |   109 ||   202
